 Dungeon Crawl Stone Soup version 0.29.1-15-g9cfb28693d (webtiles) character file.

Game seed: 8091308134151393535

3628 pustota the Basher (level 10, -2/63 HPs)
             Began as a Gargoyle Fighter on Apr 7, 2023.
             Was an Initiate of Okawaru.
             Slain by a two-headed ogre
             ... wielding a +0 giant club
              (5 damage)
             ... on level 7 of the Dungeon.
             The game lasted 00:15:57 (9124 turns).

pustota the Basher (Gargoyle Fighter)               Turns: 9124, Time: 00:15:57

Health: -2/63      AC: 23    Str: 20    XL:     10   Next: 11%
Magic:  10/10      EV:  9    Int:  9    God:    Okawaru [......]
Gold:   399        SH:  6    Dex: 13    Spells: 9/9 levels left

rFire   . . .      SeeInvis .   t - +0 whip (venom)
rCold   + . .      Faith    .   c - +0 buckler
rNeg    + . .      Spirit   .   b - +0 scale mail
rPois   ∞          Reflect  .   D - +0 helmet
rElec   +          Harm     .   m - +2 cloak
rCorr   .          Rampage  .   (no gloves)
Will    .....                   w - +2 pair of boots
Stlth   ..........              (no amulet)
HPRegen 0.20/turn               x - ring of protection from cold
MPRegen 0.12/turn               (no ring)

@: mighty
A: sickness immunity, AC +7, negative energy resistance 1, electricity
resistance, torment resistance 1, petrification resistance
a: Renounce Religion


You were on level 7 of the Dungeon.
You worshipped Okawaru.
Okawaru was noncommittal.
You visited 2 branches of the dungeon, and saw 9 of its levels.

You collected 399 gold pieces.

Inventory:

Hand Weapons
 t - a +0 whip of venom (weapon)
Armour
 b - a +0 scale mail (worn)
 c - a +0 buckler (worn)
 m - a +2 cloak (worn)
 v - a scarf of invisibility
 w - a +2 pair of boots (worn)
 y - a +0 plate armour
 D - a +0 helmet (worn)
Jewellery
 g - an amulet of magic regeneration
 x - a ring of protection from cold (left hand)
Wands
 H - a wand of flame (18)
Scrolls
 e - 5 scrolls of teleportation {unknown}
 f - 2 scrolls of poison {unknown}
 h - 13 scrolls of identify
 i - 2 scrolls of enchant weapon {unknown}
 j - 2 scrolls of magic mapping {unknown}
 l - a scroll of torment {unknown}
 n - a scroll of fear {unknown}
 o - 2 scrolls of vulnerability {unknown}
 s - 2 scrolls of noise
 u - 2 scrolls of blinking {unknown}
 E - a scroll of silence {unknown}
 F - a scroll of fog {unknown}
 G - 2 scrolls of immolation {unknown}
Potions
 a - a potion of brilliance {unknown}
 d - a potion of might
 k - a potion of lignification {unknown}
 p - 3 potions of heal wounds {unknown}
 q - 2 potions of attraction {unknown}
 r - 2 potions of mutation {unknown}
 z - 2 potions of curing
 A - a potion of haste {unknown}
 B - 4 potions of flight {unknown}
 C - a potion of degeneration {unknown}


   Skills:
 + Level 7.3 Fighting
 * Level 9.9 Maces & Flails
 + Level 7.3 Armour
 + Level 7.3 Shields


You had 9 spell levels left.
You didn't know any spells.
Your spell library contained the following spells:

 Spells                   Type           Power      Damage    Failure   Level
 Beastly Appendage        Tmut           0%         N/A       78%         1
 Freeze                   Ice            0%         1d3       78%         1
 Wereblood                Tmut           0%         N/A       89%         2
 Frozen Ramparts          Ice            0%         1d1       98%         3
 Spider Form              Tmut/Pois      0%         N/A       98%         3
 Hailstorm                Conj/Ice       0%         3d3       100%        4
 Borgnjor's Revivificati  Necr           0%         N/A       100%        8
 Necromutation            Tmut/Necr      0%         N/A       100%        8
 Death's Door             Necr           0%         N/A       100%        9


Dungeon Overview and Level Annotations

Branches:
Dungeon (8/15)             Temple (1/1) D:7
   Lair: D:8-11

Altars:
Cheibriados
Dithmenos
Fedhas
Gozag
Kikubaaqudgha
Makhleb
Okawaru
Qazlal
Ru
Trog
Vehumet
Xom
The Shining One

Shops:
D:4 :


Innate Abilities, Weirdness & Mutations

You are immune to sickness and miasma.
Your stone body is resilient. (AC +7)
You are immune to poison.
You resist negative energy. (rN+)
You are resistant to electric shocks. (rElec)
You are resistant to unholy torment.
You are immune to petrification.


Message History

The orc hits you but does no damage.
You climb upwards.
There is a stone staircase leading down here.
You hit the two-headed ogre.
The two-headed ogre is lightly wounded.
You whack the two-headed ogre!
The two-headed ogre is lightly wounded.
The orc barely misses you. You block the two-headed ogre's attack.
The two-headed ogre hits you with a +0 giant club!!
You are too injured to fight recklessly!
You are too injured to fight recklessly!
You are too injured to fight recklessly!
You are too injured to fight recklessly!
You are too injured to fight recklessly!
You are too injured to fight recklessly!
You are too injured to fight recklessly!
You are too injured to fight recklessly!
You are too injured to fight recklessly!
You are too injured to fight recklessly!
You are too injured to fight recklessly!
You are too injured to fight recklessly!
You are too injured to fight recklessly!
You are too injured to fight recklessly!
You block the orc's attack.
Things that are here:
a +0 robe; a +0 dagger; an orc corpse The orc attacks as you move away!
The orc hits you but does no damage.
You feel very mighty all of a sudden.
The two-headed ogre hits you with a +0 giant club!
* * * LOW HITPOINT WARNING * * *
The two-headed ogre hits you with a +0 giant club!
* * * LOW HITPOINT WARNING * * *
You whack the two-headed ogre!
The two-headed ogre is poisoned.
The two-headed ogre is moderately wounded.
You whack the two-headed ogre!
The two-headed ogre looks as sick as possible!
The two-headed ogre is heavily wounded.
The orc closely misses you.
The two-headed ogre hits you with a +0 giant club.
You die...

##........#.###
#.##.........#
##.##.........# ###
...##.........#########.#
#####.........##........#
#.............##.######.###
#.####........##.#.# #....#
#......##.#+#....#[# #...##
+...............@O># #...#
#......####......o.# #...#
#......######...#..# #...#
#...........#..##..###...#
#.......###.#..##........#
#.......# #.....#......#.#
###+#######..##.#..#####.#
###.#.........#<#..# #.#
....#.###..##.###..# #.#


You could see a two-headed ogre (extremely poisoned) and an orc.

Vanquished Creatures
  A two-headed ogre (D:6)
  Prince Ribbit (D:5)
  Grinder (D:3)
  A wyvern (D:8)
  Menkaure (D:4)
  3 black bears
  An orc warrior (D:8)
  An ice beast (D:7)
  2 phantoms
  A bullfrog (D:7)
  2 kobold brigands (D:8)
  6 scorpions
  8 wights
  A howler monkey (D:7)
  A crimson imp (D:7)
  4 hounds
  Crazy Yiuf (D:2)
  2 jellies (D:6)
  2 orc priests
  Jessica (D:3)
  4 orc wizards
  5 iguanas
  Natasha (twice) (D:2)
  3 adders
  3 shadow imps
  3 white imps
  2 ufetubi (D:6)
  2 worms (D:3)
  A dart slug (D:5)
  10 orcs
  7 endoplasms
  6 giant cockroaches
  6 goblins
  9 hobgoblins
  8 jackals
  17 kobolds
  3 quokkas
  8 ball pythons
  5 bats
  4 frilled lizards
  6 rats
155 creatures vanquished.

Notes
Turn   | Place    | Note
-------+----------+-------------------------------------------
     0 | D:1      | pustota the Gargoyle Fighter began the quest for the Orb.
     0 | D:1      | Reached XP level 1. HP: 14/14 MP: 1/1
   227 | D:1      | Reached XP level 2. HP: 18/19 MP: 2/2
   460 | D:1      | Noticed a shining eye
   462 | D:1      | Found a faded altar of an unknown god.
   463 | D:1      | Noticed a floating eye
   463 | D:1      | Noticed a golden eye
   463 | D:1      | Noticed a great orb of eyes
   598 | D:1      | Reached skill level 3 in Maces & Flails
   809 | D:1      | Reached XP level 3. HP: 23/23 MP: 3/3
  1381 | D:2      | Noticed Natasha
  1387 | D:2      | Killed Natasha
  1388 | D:2      | Reached skill level 4 in Maces & Flails
  1388 | D:2      | Reached XP level 4. HP: 14/28 MP: 4/4
  1842 | D:2      | Found a runed translucent door.
  1842 | D:2      | Noticed Natasha
  1849 | D:2      | Killed Natasha
  1937 | D:2      | Noticed Crazy Yiuf
  2181 | D:2      | Killed Crazy Yiuf
  2182 | D:2      | Reached skill level 5 in Maces & Flails
  2182 | D:2      | Reached XP level 5. HP: 18/32 MP: 5/5
  2500 | D:3      | Noticed Jessica
  2509 | D:3      | Killed Jessica
  3240 | D:3      | Reached XP level 6. HP: 33/38 MP: 6/6
  3303 | D:3      | Noticed Grinder
  3307 | D:3      | Paralysed by Grinder for 3 turns
  3313 | D:3      | Paralysed by Grinder for 5 turns
  3342 | D:3      | Killed Grinder
  3343 | D:3      | Reached skill level 6 in Maces & Flails
  3636 | D:4      | Reached XP level 7. HP: 40/43 MP: 7/7
  3692 | D:4      | Noticed Menkaure
  3994 | D:4      | Killed Menkaure
  4641 | D:4      | Found a burning altar of Makhleb.
  4836 | D:4      | Found Ruebb's Book Boutique.
  5067 | D:5      | Entered Level 5 of the Dungeon
  5078 | D:5      | Reached XP level 8. HP: 48/48 MP: 8/8
  5106 | D:5      | Reached skill level 7 in Maces & Flails
  5125 | D:5      | Reached skill level 5 in Fighting
  5125 | D:5      | Reached skill level 5 in Armour
  5299 | D:5      | Noticed Prince Ribbit
  5308 | D:5      | Reached skill level 5 in Shields
  5310 | D:5      | Killed Prince Ribbit
  5407 | D:5      | Found a shadowy altar of Dithmenos.
  6068 | D:6      | Found an ancient bone altar of Kikubaaqudgha.
  6298 | D:6      | Reached skill level 8 in Maces & Flails
  6321 | D:6      | Noticed a two-headed ogre
  6333 | D:6      | Killed a two-headed ogre
  6334 | D:6      | Reached XP level 9. HP: 31/55 MP: 9/9
  6919 | D:5      | Reached skill level 9 in Maces & Flails
  8124 | D:7      | Found a staircase to the Ecumenical Temple.
  8132 | Temple   | Entered the Ecumenical Temple
  8137 | Temple   | Became a worshipper of Warmaster Okawaru
  8759 | D:8      | Found an opulent altar of Gozag.
  8760 | D:8      | Found a stormy altar of Qazlal.
  8826 | D:8      | Reached XP level 10. HP: 63/63 MP: 10/10
  9072 | D:8      | Found a radiant altar of Vehumet.
  9072 | D:8      | Noticed a two-headed ogre
  9122 | D:7      | HP: 2/63 [two-headed ogre/+0 giant club (11)]
  9124 | D:7      | Slain by a two-headed ogre

Illustrated notes

Levels and vault maps discovered:
D:1:      dpeg_arrival_rhombi, layout_basic,
          hellmonk_ecumenical_altar_watching_god
D:2:      layout_loops_ring, uniq_natasha, uniq_crazy_yiuf_cottage
D:3:      layout_loops_ring, grunt_ministairs_2, corexii_corridor_pit,
          minmay_quantized, uniq_jessica, uniq_grinder
D:4:      layout_basic, kennysheep_mini_moat, serial_shops,
          nicolae_lakefront_shop, uniq_menkaure
D:5:      layout_basic, nicolae_dithmenos_the_darkroom, uniq_prince_ribbit1
D:6:      layout_layer_cave, kennysheep_little_box
D:7:      layout_basic, temple_green, grunt_ministairs_13,
          minmay_fire_ice_demons
D:8:      layout_loops_ring, nicolae_vehumet_altar_sigil,
          nicolae_overflow_hidden_temple, uniq_maggie
Temple:   nicolae_temple_ecumenical_triangle

Skill      XL: |  1  2  3  4  5  6  7  8  9 |
---------------+----------------------------+-----
Maces & Flails | 3 4 5 6 8 9 |  9.9
Fighting       | 4 6 7 |  7.3
Armour         | 4 6 7 |  7.3
Shields        | 4 6 7 |  7.3

Action                   |  1- 3 |  4- 6 |  7- 9 | 10-12 || total
-------------------------+-------+-------+-------+-------++-------
Melee: Flail             |   105 |   147 |    48 |       ||   300
       Whip              |       |       |   391 |    72 ||   463
  Use: Scroll            |     1 |       |     1 |       ||     2
       Potion            |       |     2 |     6 |     1 ||     9
Armor: Scale mail        |    76 |    62 |   198 |    24 ||   360
Dodge: Dodged            |    75 |    47 |   141 |    13 ||   276
Block: Buckler           |    24 |    26 |    85 |    11 ||   146
